 Dungeon Crawl Stone Soup version 0.27.0-1-g7a089689b8 (webtiles) character file.

Game seed: 3308682317071180840

65 Ozzies the Skirmisher (level 3, -2/36 HPs)
             Began as a Minotaur Fighter on Aug 7, 2021.
             Was a Follower of Jiyva.
             Slain by an orc (6 damage)
             ... on level 2 of the Dungeon.
             The game lasted 00:01:23 (1164 turns).

Ozzies the Skirmisher (Minotaur Fighter)            Turns: 1164, Time: 00:01:24

Health: -2/36      AC:  8    Str: 20    XL:     3   Next: 94%
Magic:  2/2        EV:  7    Int:  7    God:    Jiyva [*.....]
Gold:   81         SH:  0    Dex:  8    Spells: 2/2 levels left

rFire    . . .     SeeInvis .   a - +0 trident
rCold    . . .     Faith    .   c - +0 kite shield
rNeg     . . .     Spirit   .   b - +0 scale mail
rPois    .         Reflect  .   (helmet restricted)
rElec    .         Harm     .   (no cloak)
rCorr    .         Rampage  .   e - +0 pair of gloves
Will     .....                  (no boots)
Stlth    ..........             (no amulet)
HPRegen  0.12/turn              (no ring)
MPRegen  0.08/turn              (no ring)

@: confused
A: horns 2, retaliatory headbutt
a: Renounce Religion, Request Jelly


You were on level 2 of the Dungeon.
You worshipped Jiyva.
Jiyva was aware of your devotion.
You visited 1 branch of the dungeon, and saw 2 of its levels.

You collected 81 gold pieces.

Inventory:

Hand Weapons
 a - a +0 trident (weapon)
Missiles
 f - 17 stones (quivered)
Armour
 b - a +0 scale mail (worn)
 c - a +0 kite shield (worn)
 e - a +0 pair of gloves (worn)
Potions
 d - a potion of might {@q3 !q}
 g - a potion of haste {unknown}


   Skills:
 * Level 5.1 Fighting
 - Level 3.0 Polearms
 - Level 4.0 Armour
 - Level 4.0 Shields


You had 2 spell levels left.
You didn't know any spells.
Your spell library contained the following spells:

 Spells                   Type           Power      Damage    Failure   Level
 Corona                   Hex            0%         N/A       99%         1
 Ensorcelled Hibernation  Hex/Ice        0%         N/A       100%        2
 Tukima's Dance           Hex            0%         N/A       100%        3


Dungeon Overview and Level Annotations

Branches:
Dungeon (2/15)

Altars:
Jiyva


Innate Abilities, Weirdness & Mutations

You have a pair of horns on your head.
You reflexively headbutt those who attack you in melee.


Message History

The orc priest is heavily wounded.
You hear some strange, mumbled words.
A puff of flame appears from out of thin air!
The puff of flame hits you. The orc priest barely misses you.
The orc closely misses you.
You closely miss the orc priest.
The orc priest is heavily wounded.
Something hits you. You block the orc priest's attack.
The orc hits you from afar with a +0 trident.
The orc hits you but does no damage.
You hear some strange, mumbled words.
A magic dart appears from out of thin air!
The magic dart hits you.
The orc priest looks encouraged for a moment.
The orc hits you from afar with a +0 trident.
You are too injured to fight recklessly!
You are too injured to fight recklessly!
You are too injured to fight recklessly!
You are too injured to fight recklessly!
You are too injured to fight recklessly!
You are too injured to fight recklessly!
You are too injured to fight recklessly!
You are too injured to fight recklessly!
You are too injured to fight recklessly!
You are too injured to fight recklessly!
You are too injured to fight recklessly!
You are too injured to fight recklessly!
You are too injured to fight recklessly!
You are too injured to fight recklessly!
You are too injured to fight recklessly!
You are too injured to fight recklessly!
You are too injured to fight recklessly!
You are too injured to fight recklessly!
You puncture the orc priest!
You kill the orc priest!
You block the orc's attack. x2; The orc hits you with a +0 mace.
Your Fighting skill increases to level 5!
You barely miss the orc. Your headbutt misses the orc.
The orc hits you but does no damage. The orc barely misses you.
The orc hits you with a +0 mace.
Jiyva says: Divide and consume!
You closely miss the orc. Something hits you.
* * * LOW HITPOINT WARNING * * *
The orc hits you but does no damage. You block the orc's attack.
The orc barely misses you. You furiously retaliate!
You headbutt the orc!
You kill the orc!
Something hits you.
* * * LOW HITPOINT WARNING * * *
The orc closely misses you. The orc barely misses you.
You hear some strange, mumbled words.
A puff of flame appears from out of thin air!
The puff of flame hits you.
* * * LOW HITPOINT WARNING * * *
The orc hits you but does no damage. You block the orc's attack.
Things that are here:
a +0 mace; a +0 flail; an orc corpse You closely miss something.
Your headbutt misses something. Something hits you but does no damage.
The orc hits you with a +0 trident.
* * * LOW HITPOINT WARNING * * *
The orc barely misses you. Something hits you but does no damage.
The orc completely misses you.
You miss something.
You hear some strange, mumbled words.
Something tries to affect you, but you resist.
Something hits you.
* * * LOW HITPOINT WARNING * * *
You miss something. You block the orc's attack.
You hear some strange, mumbled words.
You are confused.
The orc hits you from afar with a +0 trident.
* * * LOW HITPOINT WARNING * * *
You're too confused to attack without stumbling around!
You're too confused to attack without stumbling around!
You're too confused to attack without stumbling around!
You're too confused to attack without stumbling around!
You're too confused to attack without stumbling around!
You're too confused to attack without stumbling around!
You're too confused to attack without stumbling around!
You're too confused to attack without stumbling around!
You're too confused to attack without stumbling around!
You're too confused to attack without stumbling around!
You're too confused to attack without stumbling around!
You're too confused to attack without stumbling around!
You're too confused to attack without stumbling around!
You're too confused to attack without stumbling around!
You're too confused to attack without stumbling around!
You're too confused to attack without stumbling around!
You're too confused to attack without stumbling around!
You're too confused to attack without stumbling around!
You're too confused to attack without stumbling around!
You're too confused to attack without stumbling around!
You're too confused to attack without stumbling around!
You're too confused to attack without stumbling around!
You're too confused to attack without stumbling around!
You're too confused to attack without stumbling around!
You're too confused to move!
You hear some strange, mumbled words.
Something tries to affect you, but you resist.
The orc hits you from afar with a +0 trident.
You die...

##.##.#.
.#.......
.......
......
#...# #...#
#######...#
#...@.oo..#
#.#####..##
#..#####
#......#
#.####.#
#.# #.# #.#
#.# #.# #.#
##.# #.#
#.# #... ..
#.#


You could see 2 orcs.

Vanquished Creatures
  An orc priest (D:2)
  A worm (D:2)
  A dart slug (D:1)
  An orc (D:2)
  5 ball pythons
  3 bats (D:1)
  2 endoplasms (D:1)
  A giant cockroach (D:1)
  5 hobgoblins
  2 quokkas (D:1)
  2 kobolds (D:1)
  2 rats (D:1)
26 creatures vanquished.

Notes
Turn   | Place    | Note
-------+----------+-------------------------------------------
     0 | D:1      | Ozzies the Minotaur Fighter began the quest for the Orb.
     0 | D:1      | Reached XP level 1. HP: 19/19 MP: 0/0
   340 | D:1      | Reached XP level 2. HP: 27/27 MP: 1/1
   344 | D:1      | Reached skill level 4 in Fighting
   776 | D:1      | Found a faded altar of an unknown god.
   800 | D:1      | Became a worshipper of Jiyva Jicsyl the Shapeless
   800 | D:1      | Reached * piety under Jiyva
  1067 | D:2      | Reached XP level 3. HP: 33/33 MP: 2/2
  1155 | D:2      | Reached skill level 5 in Fighting
  1164 | D:2      | Slain by an orc

Illustrated notes

Levels and vault maps discovered:
D:1:      dpeg_chamrin_arrival_tetris, layout_basic,
          hellmonk_ecumenical_altar_pennies_from_heaven
D:2:      layout_loops_ring, basic_altar

Skill      XL: |  1  2  3 |
---------------+----------+-----
Fighting       | 4 5 |  5.1
Shields        | 4 |  4.0
Polearms       | 3 |  3.0
Armour         | 4 |  4.0

Action                   || total
-------------------------++-------
Melee: Trident           ||    80
       Headbutt          ||     5
Armor: Scale mail        ||    30
Dodge: Dodged            ||    27
Block: Kite shield       ||    30
